TOP OF THE 1ST |
San Antonio BC batting - Pitching for Salem Misfits : RHP Kenny Koehler
|
Pitching: RHP Kenny Koehler
|
|
Batting: RHB Marvin Hayes
|
0-0: Ball 1-0: Ball 2-0: Called Strike 2-1: Foul Ball, location: 2F 2-2: Strikes out swinging
|
Batting: SHB Ricardo Pérez
|
0-0: Ball 1-0: Called Strike 1-1: Fly out, F7 (Flyball, 78M)
|
Batting: RHB Alfredo Rivera
|
0-0: Called Strike 0-1: Foul Ball, location: 2F 0-2: Ball 1-2: Strikes out swinging
|
Top of the 1st over - 0 run(s), 0 hit(s), 0 error(s), 0 left on base; San Antonio 0 - Salem 0 |
BOTTOM OF THE 1ST |
Salem Misfits batting - Pitching for San Antonio BC : RHP Michael Taylor
|
Pitching: RHP Michael Taylor
|
|
Batting: RHB Jesús Cisneros
|
0-0: Foul Ball, location: 2F 0-1: Called Strike 0-2: Ball 1-2: Ball 2-2: Ball 3-2: Foul Ball, location: 2F 3-2: Foul Ball, location: 2F 3-2: Foul Ball, location: 2F 3-2: Base on Balls
|
Batting: RHB Raúl Reyna
|
0-0: Foul Ball, location: 2F 0-1: Ball 1-1: Ball 2-1: Ball 3-1: DOUBLE (Groundball, 5L) Jesús Cisneros to third
|
Batting: SHB Fernando Sánchez
|
0-0: Called Strike 0-1: SINGLE (Groundball, 4MD) Jesús Cisneros scores Raúl Reyna to third Runner from 3rd tries for Home, throw and OUT!
|
Batting: LHB José Corona
|
0-0: Ball 1-0: DOUBLE (Line Drive, 9LS) Fernando Sánchez to third
|
Batting: RHB Steve Duncan
|
0-0: Swinging Strike 0-1: Swinging Strike 0-2: Ball 1-2: Ball 2-2: Fly out, F7 (Line Drive, 78S)
|
Batting: LHB Brent van Schoonhoven
|
0-0: Ball 1-0: Swinging Strike 1-1: Foul Ball, location: 2F 1-2: Foul Ball, location: 2F 1-2: Ball 2-2: Foul Ball, location: 2F 2-2: Strikes out swinging
|
Bottom of the 1st over - 1 run(s), 3 hit(s), 0 error(s), 2 left on base; San Antonio 0 - Salem 1 |
TOP OF THE 2ND |
San Antonio BC batting - Pitching for Salem Misfits : RHP Kenny Koehler
|
Batting: LHB Miguel García
|
0-0: Ball 1-0: Ball 2-0: Ball 3-0: Called Strike 3-1: Fly out, F6 (Line Drive, 56)
|
Batting: RHB Dennis Morrow
|
0-0: Ball 1-0: Foul Ball, location: 2F 1-1: Called Strike 1-2: Ball 2-2: Ball 3-2: Strikes out swinging
|
Batting: RHB António Sánchez
|
0-0: Fly out, F8 (Flyball, 8RD)
|
Top of the 2nd over - 0 run(s), 0 hit(s), 0 error(s), 0 left on base; San Antonio 0 - Salem 1 |
BOTTOM OF THE 2ND |
Salem Misfits batting - Pitching for San Antonio BC : RHP Michael Taylor
|
Batting: RHB Ernesto Souza
|
0-0: Ground out 4-3 (Groundball, 4MD)
|
Batting: RHB Ramón Ávila
|
0-0: Ball 1-0: DOUBLE (Groundball, 5L)
|
Batting: RHB Miguel Torres
|
0-0: Ball 1-0: Foul Ball, location: 2F 1-1: Ball 2-1: Foul Ball, location: 2F 2-2: Ground out 5-3 (Groundball, 5L)
|
Batting: RHB Jesús Cisneros
|
0-0: SINGLE (Groundball, 4M) Ramón Ávila to third Runner from 3rd tries for Home, SAFE, no throw or cutoff
|
Batting: RHB Raúl Reyna
|
0-0: Called Strike 0-1: Ball 1-1: Ball 2-1: Foul Ball, location: 2F 2-2: Ball 3-2: Fly out, F7 (Line Drive, 78M)
|
Bottom of the 2nd over - 1 run(s), 2 hit(s), 0 error(s), 1 left on base; San Antonio 0 - Salem 2 |
TOP OF THE 3RD |
San Antonio BC batting - Pitching for Salem Misfits : RHP Kenny Koehler
|
Batting: RHB León Cabrera
|
0-0: Called Strike 0-1: Called Strike 0-2: Foul Ball, location: 2F 0-2: Ball 1-2: Strikes out swinging
|
Batting: RHB Martín Álvarez
|
0-0: Fly out, F8 (Flyball, 89M)
|
Batting: RHB Rodney Hanna
|
0-0: Ball 1-0: Ground out 1-3 (Groundball, 13)
|
Top of the 3rd over - 0 run(s), 0 hit(s), 0 error(s), 0 left on base; San Antonio 0 - Salem 2 |
BOTTOM OF THE 3RD |
Salem Misfits batting - Pitching for San Antonio BC : RHP Michael Taylor
|
Batting: SHB Fernando Sánchez
|
0-0: Ball 1-0: Fly out, F2 (Popup, 2LF)
|
Batting: LHB José Corona
|
0-0: Called Strike 0-1: Ball 1-1: Swinging Strike 1-2: Ball 2-2: Strikes out swinging
|
Batting: RHB Steve Duncan
|
0-0: Ball 1-0: Called Strike 1-1: Foul Ball, location: 2F 1-2: Ball 2-2: Ball 3-2: Strikes out swinging
|
Bottom of the 3rd over - 0 run(s), 0 hit(s), 0 error(s), 0 left on base; San Antonio 0 - Salem 2 |
TOP OF THE 4TH |
San Antonio BC batting - Pitching for Salem Misfits : RHP Kenny Koehler
|
Batting: RHB Marvin Hayes
|
0-0: Called Strike 0-1: Ball 1-1: Ball 2-1: Foul Ball, location: 2F 2-2: Ball 3-2: Foul Ball, location: 2F 3-2: Strikes out swinging
|
Batting: SHB Ricardo Pérez
|
0-0: Ball 1-0: Called Strike 1-1: Ball 2-1: Ground out 4-3 (Groundball, 34)
|
Batting: RHB Alfredo Rivera
|
0-0: Ball 1-0: Ball 2-0: Called Strike 2-1: Ball 3-1: Ground out 4-3 (Groundball, 34)
|
Top of the 4th over - 0 run(s), 0 hit(s), 0 error(s), 0 left on base; San Antonio 0 - Salem 2 |
BOTTOM OF THE 4TH |
Salem Misfits batting - Pitching for San Antonio BC : RHP Michael Taylor
|
Batting: LHB Brent van Schoonhoven
|
0-0: Called Strike 0-1: Swinging Strike 0-2: Ball 1-2: Strikes out swinging
|
Batting: RHB Ernesto Souza
|
0-0: Called Strike 0-1: Ball 1-1: Ground out 6-3 (Groundball, 6M)
|
Batting: RHB Ramón Ávila
|
0-0: Called Strike 0-1: Ball 1-1: Ball 2-1: Ball 3-1: Foul Ball, location: 2F 3-2: SINGLE (Line Drive, 56D)
|
Batting: RHB Miguel Torres
|
0-0: Ball 1-0: Ground out 4-3 (Groundball, 4)
|
Bottom of the 4th over - 0 run(s), 1 hit(s), 0 error(s), 1 left on base; San Antonio 0 - Salem 2 |
TOP OF THE 5TH |
San Antonio BC batting - Pitching for Salem Misfits : RHP Kenny Koehler
|
Batting: LHB Miguel García
|
0-0: Called Strike 0-1: Ball 1-1: Ball 2-1: Ball 3-1: Base on Balls
|
Batting: RHB Dennis Morrow
|
0-0: Ball 1-0: Ball 2-0: Foul Ball, location: 2F 2-1: Ball 3-1: Foul Ball, location: 2F 3-2: Foul Ball, location: 2F 3-2: Base on Balls Miguel García to second
|
Batting: RHB António Sánchez
|
0-0: Ball 1-0: Sac Bunt - play at third, runner OUT! 2-6 Dennis Morrow to second
|
Batting: RHB León Cabrera
|
0-0: Ball 1-0: Ball 2-0: Called Strike 2-1: Ball 3-1: Base on Balls Dennis Morrow to third António Sánchez to second
|
Batting: RHB Martín Álvarez
|
0-0: Fly out, F3 (Popup, 3SF)
|
Batting: RHB Rodney Hanna
|
0-0: Ball 1-0: Swinging Strike 1-1: SINGLE (Line Drive, 6M) Dennis Morrow scores António Sánchez to third León Cabrera to second Runner from 3rd tries for Home, SAFE, throw made at trailing runner, SAFE at third!
|
Batting: RHB Marvin Hayes
|
0-0: Foul Ball, location: 2F Pickoff Throw to First - Error! E1 León Cabrera scores Rodney Hanna to second 0-1: Ball 1-1: Called Strike 1-2: Foul Ball, location: 2F 1-2: Reached on error, E5 (Groundball, 5L) Rodney Hanna scores
|
Batting: SHB Ricardo Pérez
|
0-0: Ball 1-0: Ground out 4-3 (Groundball, 4)
|
Top of the 5th over - 4 run(s), 1 hit(s), 2 error(s), 1 left on base; San Antonio 4 - Salem 2 |
BOTTOM OF THE 5TH |
Salem Misfits batting - Pitching for San Antonio BC : RHP Michael Taylor
|
Batting: RHB Jesús Cisneros
|
0-0: Ball 1-0: Called Strike 1-1: SINGLE (Groundball, 4M)
|
Batting: RHB Raúl Reyna
|
0-0: Foul Ball, location: 2F 0-1: Ball 1-1: DOUBLE (Flyball, 89M) Jesús Cisneros to third
|
Batting: SHB Fernando Sánchez
|
0-0: Ball 1-0: Ball 2-0: Called Strike 2-1: Ball 3-1: Base on Balls
|
Batting: LHB José Corona
|
0-0: Fly out, F3 (Popup, 34S)
|
Batting: RHB Steve Duncan
|
0-0: Ball 1-0: Foul Ball, location: 2F 1-1: Foul Ball, location: 2F 1-2: Ball 2-2: Ball 3-2: Base on Balls Jesús Cisneros scores Raúl Reyna to third Fernando Sánchez to second
|
Batting: LHB Brent van Schoonhoven
|
0-0: Foul Ball, location: 2F 0-1: Ball 1-1: Ball 2-1: Ball 3-1: Called Strike 3-2: Base on Balls Raúl Reyna scores Fernando Sánchez to third Steve Duncan to second
|
Batting: RHB Ernesto Souza
|
0-0: Ball 1-0: Ball 2-0: Called Strike 2-1: Grounds into double play, 5-4-3 (Groundball, 5)
|
Bottom of the 5th over - 2 run(s), 2 hit(s), 0 error(s), 2 left on base; San Antonio 4 - Salem 4 |
TOP OF THE 6TH |
San Antonio BC batting - Pitching for Salem Misfits : RHP Kenny Koehler
|
Batting: RHB Alfredo Rivera
|
0-0: Swinging Strike 0-1: Ball 1-1: DOUBLE (Flyball, 89XD)
|
Batting: LHB Miguel García
|
0-0: Ground out 6-3 (Groundball, 6)
|
Batting: RHB Dennis Morrow
|
0-0: Fly out, F9 (Flyball, 89S)
|
Batting: RHB António Sánchez
|
0-0: Foul Ball, location: 2F 0-1: Ball 1-1: Called Strike 1-2: Foul Ball, location: 2F 1-2: SINGLE (Line Drive, 4D) Alfredo Rivera to third Runner from 3rd tries for Home, SAFE, no throw or cutoff
|
Batting: RHB León Cabrera
|
0-0: Hit by Pitch António Sánchez to second
|
Batting: RHB Martín Álvarez
|
0-0: Foul Ball, location: 2F 0-1: DOUBLE (Flyball, 78M) António Sánchez scores León Cabrera to third
|
Batting: RHB Rodney Hanna
|
0-0: Swinging Strike 0-1: Foul Ball, location: 2F 0-2: Ball 1-2: Ball 2-2: Ground out 4-3 (Groundball, 4)
|
Top of the 6th over - 2 run(s), 3 hit(s), 0 error(s), 2 left on base; San Antonio 6 - Salem 4 |
BOTTOM OF THE 6TH |
Salem Misfits batting - Pitching for San Antonio BC : RHP Michael Taylor
|
Batting: RHB Ramón Ávila
|
0-0: Swinging Strike 0-1: Ball 1-1: Called Strike 1-2: Ground out 6-3 (Groundball, 6M)
|
Batting: RHB Miguel Torres
|
0-0: Ball 1-0: Foul Ball, location: 2F 1-1: Swinging Strike 1-2: Foul Ball, location: 2F 1-2: Fly out, F4 (Popup, 4M)
|
Batting: RHB Jesús Cisneros
|
0-0: Called Strike 0-1: Foul Ball, location: 2F 0-2: Foul Ball, location: 2F 0-2: Ball 1-2: SINGLE (Line Drive, 4D)
|
Batting: RHB Raúl Reyna
|
0-0: Called Strike Jesús Cisneros steals 2nd base 0-1: Ball 1-1: Foul Ball, location: 2F 1-2: Foul Ball, location: 2F 1-2: Strikes out swinging
|
Bottom of the 6th over - 0 run(s), 1 hit(s), 0 error(s), 1 left on base; San Antonio 6 - Salem 4 |
TOP OF THE 7TH |
San Antonio BC batting - Pitching for Salem Misfits : RHP Kenny Koehler
|
Batting: RHB Marvin Hayes
|
0-0: Ball 1-0: Ground out 6-3 (Groundball, 56)
|
Batting: SHB Ricardo Pérez
|
0-0: Ball 1-0: Ball 2-0: Fly out, F6 (Popup, 56)
|
Batting: RHB Alfredo Rivera
|
0-0: Ball 1-0: Ball 2-0: Fly out, F8 (Flyball, 8RS)
|
Top of the 7th over - 0 run(s), 0 hit(s), 0 error(s), 0 left on base; San Antonio 6 - Salem 4 |
BOTTOM OF THE 7TH |
Salem Misfits batting - Pitching for San Antonio BC : RHP Michael Taylor
|
Now at 1B: Luis Campos
|
|
Batting: SHB Fernando Sánchez
|
0-0: Ball 1-0: Ball 2-0: Called Strike 2-1: Foul Ball, location: 2F 2-2: Foul Ball, location: 2F 2-2: Ground out 4-3 (Groundball, 4M)
|
Batting: LHB José Corona
|
0-0: Called Strike 0-1: Foul Ball, location: 2F 0-2: Ball 1-2: Fly out, F2 (Popup, 2LF)
|
Batting: RHB Steve Duncan
|
0-0: Ground out 5-3 (Groundball, 56S)
|
Bottom of the 7th over - 0 run(s), 0 hit(s), 0 error(s), 0 left on base; San Antonio 6 - Salem 4 |
TOP OF THE 8TH |
San Antonio BC batting - Pitching for Salem Misfits : RHP Kenny Koehler
|
Pitching: LHP Dorian Daly
|
|
Batting: LHB Miguel García
|
0-0: Swinging Strike 0-1: Foul Ball, location: 2F 0-2: Ball 1-2: Ball 2-2: Ball 3-2: Strikes out swinging
|
Batting: RHB Dennis Morrow
|
0-0: Called Strike 0-1: Swinging Strike 0-2: Ball 1-2: Strikes out looking
|
Batting: RHB António Sánchez
|
0-0: Called Strike 0-1: Called Strike 0-2: Foul Ball, location: 2F 0-2: Strikes out looking
|
Top of the 8th over - 0 run(s), 0 hit(s), 0 error(s), 0 left on base; San Antonio 6 - Salem 4 |
BOTTOM OF THE 8TH |
Salem Misfits batting - Pitching for San Antonio BC : RHP Michael Taylor
|
Pitching: RHP Adam Green
|
|
Batting: LHB Brent van Schoonhoven
|
0-0: Ball 1-0: Called Strike 1-1: Ball 2-1: Ball 3-1: Called Strike 3-2: Ground out 1-3 (Groundball, 23)
|
Batting: RHB Ernesto Souza
|
0-0: Foul Ball, location: 2F 0-1: Swinging Strike 0-2: Ball 1-2: Ball 2-2: Foul Ball, location: 2F 2-2: Ball 3-2: Strikes out swinging
|
Batting: RHB Ramón Ávila
|
0-0: Ball 1-0: Called Strike 1-1: Fly out, F7 (Flyball, 7LM)
|
Bottom of the 8th over - 0 run(s), 0 hit(s), 0 error(s), 0 left on base; San Antonio 6 - Salem 4 |
TOP OF THE 9TH |
San Antonio BC batting - Pitching for Salem Misfits : LHP Dorian Daly
|
Batting: RHB León Cabrera
|
0-0: Ball 1-0: Ball 2-0: Called Strike 2-1: Swinging Strike 2-2: Strikes out swinging
|
Batting: RHB Martín Álvarez
|
0-0: Foul Ball, location: 2F 0-1: Ball 1-1: Ball 2-1: Ball 3-1: Ground out 6-3 (Groundball, 56)
|
Batting: RHB Rodney Hanna
|
0-0: Swinging Strike 0-1: Ball 1-1: Ball 2-1: Swinging Strike 2-2: Strikes out swinging
|
Top of the 9th over - 0 run(s), 0 hit(s), 0 error(s), 0 left on base; San Antonio 6 - Salem 4 |
BOTTOM OF THE 9TH |
Salem Misfits batting - Pitching for San Antonio BC : RHP Adam Green
|
Pitching: LHP Stanton Miranda
|
|
Batting: RHB Miguel Torres
|
0-0: Fly out, F8 (Flyball, 8LM)
|
Batting: RHB Jesús Cisneros
|
0-0: Ball 1-0: Ball 2-0: Ball 3-0: Base on Balls
|
Batting: RHB Raúl Reyna
|
0-0: Called Strike 0-1: Ball 1-1: Ball 2-1: Ball 3-1: Called Strike 3-2: Fly out, F8 (Line Drive, 8LM)
|
Batting: SHB Fernando Sánchez
|
0-0: Ball 1-0: Ball 2-0: Called Strike 2-1: Foul Ball, location: 2F 2-2: Strikes out swinging
|
Bottom of the 9th over - 0 run(s), 0 hit(s), 0 error(s), 1 left on base; San Antonio 6 - Salem 4 |
|